 Dungeon Crawl Stone Soup version 0.25.0-46-gbd7b0854d2 (webtiles) character file.

Game seed: 3551403506543228646

189 H0rd4k the Magician (level 5, 0/28 HPs)
             Began as a Deep Elf Wizard on July 14, 2020.
             Slain by a killer bee (9 damage)
             ... on level 7 of the Dungeon.
             The game lasted 00:06:54 (4266 turns).

H0rd4k the Magician (Deep Elf Wizard)               Turns: 4266, Time: 00:06:54

Health: 0/28       AC:  2    Str:  4    XL:     5   Next: 40%
Magic:  15/15      EV: 13    Int: 24    God:
Gold:   220        SH:  5    Dex: 13    Spells: 6/15 levels left

rFire    . . .     SeeInvis .   (no weapon)
rCold    . . .     Gourm    .   (no shield)
rNeg     . . .     Faith    .   a - +0 robe
rPois    .         Spirit   .   b - +0 hat
rElec    .         Reflect  +   (no cloak)
rCorr    .         Harm     .   (no gloves)
MR       .....                  (no boots)
Stlth    ++........             v - amulet of reflection
HPRegen  0.09/turn              (no ring)
MPRegen  0.14/turn              (no ring)

@: lethally poisoned (0 -> -11), flying
A: no striking features
a: no special abilities


You were on level 7 of the Dungeon.
You were hungry.

You visited 1 branch of the dungeon, and saw 5 of its levels.

You collected 220 gold pieces.

Inventory:

Hand Weapons
 j - a +2 dagger of freezing
Missiles
 n - 13 poisoned darts
 o - 6 atropa-tipped darts (quivered)
Armour
 a - a +0 robe (worn)
 b - a +0 hat (worn)
Jewellery
 v - an amulet of reflection (around neck)
Scrolls
 g - 2 scrolls of fog
 m - a scroll of enchant weapon
Potions
 c - a potion of curing
 e - a potion of flight
 h - 2 potions of cancellation
 l - a potion of brilliance {unknown}
 p - a potion of haste {unknown}
 s - a potion of stabbing {unknown}
 t - a potion of degeneration {unknown}
 u - a potion of magic {unknown}
Comestibles
 d - 3 rations


   Skills:
 + Level 0.1 Throwing
 + Level 3.3 Dodging
 + Level 3.4 Stealth
 + Level 5.9 Spellcasting
 + Level 2.7 Conjurations
   Level 1.1 Summonings
 + Level 1.1 Translocations
 * Level 1.8 Fire Magic
 * Level 1.2 Poison Magic


You had 6 spell levels left.
You knew the following spells:

 Your Spells              Type           Power        Failure   Level  Hunger
a - Magic Dart            Conj           ###.         2%          1    None
b - Blink                 Tloc           N/A          8%          2    None
c - Conjure Flame         Conj/Fire      ###.....     10%         3    #......
d - Mephitic Cloud        Conj/Pois/Air  ##......     14%         3    #......

Your spell library contained the following spells:

 Spells                   Type           Power        Failure   Level  Hunger
 Call Imp                 Summ           ##......     8%          2    None
 Slow                     Hex            #.......     12%         2    None


Dungeon Overview and Level Annotations

Branches:
Dungeon (4/15)
 Temple: D:4-7

Altars:
Gozag
Zin
Beogh

Annotations:
D:3 3 runed translucent doors, exclusion: 3 doors, harlaan's ghost, amateur DESu


Message History

Quiver which item? (- for none, * to show all) (? for menu, Esc to quit)
Quivering
o - 6 atropa-tipped darts for throwing.
The killer bee stings you. x2
You are poisoned.
The killer bee poisons you!
You feel sick. The killer bee closely misses you.
Unknown command.
You bump into the rock wall.
The killer bee stings you but does no damage.
The killer bee stings you.
Unknown command.
You feel sick. The killer bee stings you!
You bump into the rock wall.
You feel sick. The killer bee barely misses you. x2
The killer bee stings you.
You are lethally poisoned!
The killer bee poisons you!
You miss the killer bee.
You feel less invigorated.
You feel less confused.
You feel sick. The killer bee stings you. The killer bee stings you!
You die...

*,*,***,,,,,,,,* *,*+ #####
*,*,,,,,*,*,,,,* *,*, ....#
*,*******,***,,* *,*, ....#
*,,,,,,,*,,,,,,***,*,
....#############**,******,,**,*,
....'...[.......# *,,,,,,,,,,,,,,
....###########.# *,*******,**,**
##### *,....§#§########***,,*,*
*###+***#§§y@§§.....,***,*,**
*.....#####y########,* *,,,,,
*......§§§§y# *,,,,* **,,,,
*.....§######****,*******,,,,
*.....,* *,,,,,,,,,,,,,>**
*....,,* *,***,***********
*.y.,,,* *,* *,* *,,,, *..,,,,*
*,* *,* *,*** **[,,,,,* *,* *,*
*,**,


You could see 3 killer bees.

Vanquished Creatures
  A scorpion (D:4)
  4 adders
  A gnoll (D:1)
  An ooze (D:4)
  6 worms
  2 leopard geckos
  2 orcs (D:3)
  3 giant cockroaches
  9 goblins
  11 hobgoblins
  4 jackals (D:1)
  A quokka (D:3)
  2 ball pythons
  7 bats
  4 frilled lizards
  10 kobolds
  3 rats
71 creatures vanquished.

Notes
Turn   | Place    | Note
-------+----------+-------------------------------------------
     0 | D:1      | H0rd4k the Deep Elf Wizard began the quest for the Orb.
     0 | D:1      | Reached XP level 1. HP: 10/10 MP: 7/7
   253 | D:1      | Reached XP level 2. HP: 15/15 MP: 4/9
   605 | D:1      | Reached skill level 5 in Spellcasting
   968 | D:1      | Reached XP level 3. HP: 19/19 MP: 5/11
   972 | D:1      | Learned a level 2 spell: Blink
   976 | D:1      | Learned a level 3 spell: Conjure Flame
   980 | D:1      | Learned a level 3 spell: Mephitic Cloud
  2411 | D:2      | Reached XP level 4. HP: 24/24 MP: 11/13
  2817 | D:3      | Reached skill level 1 in Fire Magic
  3477 | D:3      | Found an opulent altar of Gozag.
  3571 | D:3      | Found a glowing silver altar of Zin.
  3811 | D:3      | Found a runed translucent gate.
  3812 | D:3      | Found a runed translucent gate.
  3812 | D:3      | Identified the cursed +3 dagger "Kaut Ycw" {elec, rElec
                  | rPois rN++ Dex-3}
  3813 | D:3      | Found a runed translucent gate.
  3814 | D:3      | Noticed harlaan's ghost (amateur DESu)
  3845 | D:3      | Found a roughly hewn altar of Beogh.
  4098 | D:4      | Reached XP level 5. HP: 28/28 MP: 9/15
  4148 | D:4      | Reached skill level 1 in Poison Magic
  4210 | D:4      | You fall into a shaft and drop 3 floors!
  4266 | D:7      | Slain by a killer bee

Illustrated notes

Levels and vault maps discovered:
D:1:      scummos_arrival_simple_fountains, layout_rooms
D:2:      layout_basic, first_ration
D:3:      layout_rooms, nicolae_overflow_hidden_temple,
          biasface_ghost_orc_armoury
D:4:      layout_cave_pods
D:7:      layout_basic, lemuel_crystal_altar, serial_shops, shop, shop, shop,
          uniq_pikel

Skill      XL: |  1  2  3  4  5 |
---------------+----------------+-----
Stealth        | 3 |  3.4
Spellcasting   | 5 |  5.9
Dodging        | 3 |  3.3
Conjurations   | 2 |  2.7
Fire Magic     | 1 |  1.8
Poison Magic   | 1 |  1.2
Throwing       | |  0.1
Summonings     | |  1.1
Translocations | |  1.1

Action                   |  1- 3 |  4- 6 || total
-------------------------+-------+-------++-------
Melee: Unarmed           |       |     1 ||     1
Throw: Dart              |       |     5 ||     5
 Cast: Magic Dart        |   119 |   103 ||   222
       Conjure Flame     |       |     1 ||     1
  Use: Scroll            |       |     6 ||     6
       Potion            |       |     3 ||     3
  Eat: Chunk             |     4 |     5 ||     9
Armor: Robe              |     4 |     7 ||    11
Dodge: Dodged            |    13 |    22 ||    35
Block: Other             |       |     8 ||     8
